 Dungeon Crawl Stone Soup version 0.28.0-47-ge53b351184 (webtiles) character file.

Game seed: 2208593594575497396

8579 jjjjhere the Prestidigitator (level 11, -6/83 HPs)
             Began as a Gnoll Artificer on Apr 25, 2022.
             Was a Believer of Uskayaw.
             Mangled by a death yak (18 damage)
             ... on level 8 of the Dungeon.
             The game lasted 00:19:51 (13193 turns).

jjjjhere the Prestidigitator (Gnoll Artificer)     Turns: 13193, Time: 00:19:52

Health: -6/83      AC:  9    Str: 15    XL:     11   Next: 33%
Magic:  0/20       EV: 13    Int: 11    God:    Uskayaw [**....]
Gold:   393        SH:  0    Dex: 13    Spells: 22/22 levels left

rFire   + + +      SeeInvis .   B - +1 demon blade (venom)
rCold   . . .      Faith    .   i - orb {light}
rNeg    . . .      Spirit   +   j - +0 ring mail
rPois   +          Reflect  .   h - +0 helmet of the Lich-sworn {-Cast Drain rPois rF+++}
rElec   .          Harm     .   (no cloak)
rCorr   .          Rampage  .   (no gloves)
Will    +....      NoCast   +   q - +0 pair of boots
Stlth   +.........              u - amulet of guardian spirit
HPRegen 0.23/turn               p - ring of protection from fire
MPRegen 0.17/turn               x - ring of willpower

@: glowing
A: fangs 1, strong nose, distributed training
a: Renounce Religion, Stomp, Line Pass


You were on level 8 of the Dungeon.
You worshipped Uskayaw.
Uskayaw was noncommittal.
You visited 2 branches of the dungeon, and saw 10 of its levels.

You collected 393 gold pieces.

Inventory:

Hand Weapons
 a - a +0 club
 f - a +0 dagger of venom
 y - a +5 trident
 B - a +1 demon blade of venom (weapon)
Missiles
 t - 2 throwing nets
 D - a curare-tipped dart
Armour
 b - a +0 leather armour
 h - the +0 helmet of the Lich-sworn (worn) {-Cast Drain rPois rF+++}
   (You acquired it on level 2 of the Dungeon)

   rF:        It renders you almost immune to fire.
   rPois:     It protects you from poison.
   -Cast:     It prevents spellcasting.
   Drain:     It drains your maximum health when unequipped.
 i - an orb of light (worn)
 j - a +0 ring mail (worn)
 q - a +0 pair of boots (worn)
Jewellery
 p - a ring of protection from fire (left hand)
 u - an amulet of guardian spirit (around neck)
 x - a ring of willpower (right hand)
 C - an amulet of regeneration
Wands
 c - a wand of flame (3) (quivered)
 d - a wand of charming (8)
 g - a wand of paralysis (9)
 l - a wand of mindburst (22)
 v - a wand of acid (5)
 A - a wand of digging (2)
Scrolls
 m - a scroll of silence
 r - a scroll of noise {unknown}
 z - a scroll of fog {unknown}
 E - a scroll of enchant weapon {unknown}
 F - a scroll of brand weapon {unknown}
 G - a scroll of vulnerability {unknown}
Potions
 k - 4 potions of lignification
 n - 2 potions of attraction
 o - 3 potions of curing
 s - 2 potions of might
 w - a potion of berserk rage {unknown}
Miscellaneous
 e - a piece from Xom's chessboard (11/15)


   Skills:
 + Level 6.7 Fighting
 + Level 6.2 Short Blades
 + Level 6.2 Long Blades
 + Level 6.2 Axes
 + Level 6.2 Maces & Flails
 + Level 6.2 Polearms
 + Level 6.2 Staves
 + Level 6.2 Slings
 + Level 6.2 Bows
 + Level 6.2 Crossbows
 + Level 6.2 Throwing
 + Level 7.8 Armour
 + Level 6.7 Dodging
 + Level 6.7 Stealth
 + Level 6.2 Shields
 + Level 6.2 Unarmed Combat
 + Level 6.2 Spellcasting
 + Level 5.1 Conjurations
 + Level 5.1 Hexes
 + Level 5.1 Summonings
 + Level 5.1 Necromancy
 + Level 5.1 Translocations
 + Level 5.1 Transmutations
 + Level 5.1 Fire Magic
 + Level 5.1 Ice Magic
 + Level 5.1 Air Magic
 + Level 5.1 Earth Magic
 + Level 5.1 Poison Magic
 + Level 6.8 Invocations
 + Level 9.1 Evocations


You had 22 spell levels left.
You didn't know any spells.
Your spell library contained the following spells:

 Spells                   Type           Power      Damage    Failure   Level
 Slow                     Hex            56%        N/A       4%          1
 Blink                    Tloc           28%        N/A       6%          2
 Ensorcelled Hibernation  Hex/Ice        28%        N/A       6%          2
 Confusing Touch          Hex            14%        N/A       12%         3
 Lesser Beckoning         Tloc           14%        N/A       12%         3
 Spider Form              Tmut/Pois      14%        N/A       12%         3
 Vampiric Draining        Necr           14%        2d7       12%         3
 Anguish                  Hex/Necr       7%         N/A       38%         4
 Passage of Golubria      Tloc           14%        N/A       38%         4
 Manifold Assault         Tloc           14%        N/A       75%         5
 Silence                  Hex/Air        7%         N/A       75%         5
 Lehudib's Crystal Spear  Conj/Erth      7%         10d3      100%        8


Dungeon Overview and Level Annotations

Branches:
Dungeon (9/15)             Temple (1/1) D:5
   Lair: D:8-11         Orc: D:9-12

Altars:
Ashenzari
Elyvilon
Fedhas
Gozag
Hepliaklqana
Kikubaaqudgha
Makhleb
Nemelex Xobeh
Okawaru
Qazlal
Trog
Uskayaw
Vehumet
Wu Jian
Yredelemnul
The Shining One

Annotations:
D:3 1 runed translucent door, Crazy Yiuf
D:6 3 runed translucent doors, Naeght's ghost, novice MfGl
D:7 2 runed translucent doors


Innate Abilities, Weirdness & Mutations

You have very sharp teeth.
Your uncanny sense of smell can sniff out nearby items.
Your experience applies equally to all skills.


Message History

The death yak barely misses you.
You slash the death yak!
The death yak is moderately wounded.
The death yak completely misses you.
You can now pass through a line of other dancers.
There is a stone staircase leading up here.
You can no longer pass through a line of other dancers.
You climb upwards.
There is a stone staircase leading down here.
Unknown command.
You hit the death yak but do no damage.
The death yak looks as sick as possible!
The death yak is heavily wounded.
The death yak gores you!!
You are too injured to fight recklessly!
You slash the death yak!
The death yak looks as sick as possible!
The death yak is severely wounded.
The death yak gores you but does no damage.
You slash the death yak!
The death yak looks as sick as possible!
You bite the death yak, but do no damage.
The death yak is almost dead.
The death yak gores you!
You can now pass through a line of other dancers.
You hit the death yak but do no damage.
The death yak is almost dead.
The death yak gores you!!
* * * LOW HITPOINT WARNING * * *
You hit the death yak.
The death yak looks as sick as possible!
You bite the death yak, but do no damage.
The death yak is almost dead.
The death yak gores you!
* * * LOW HITPOINT WARNING * * *
You hit the death yak but do no damage.
The death yak looks as sick as possible!
The death yak is almost dead.
The death yak gores you!!
You die...

############ #####
#..........#
....##########.########.#
................@#.#..#.###
###.#..........Y......#...#
# #.#.#######....####.###.#
# #...# #.............#
####### #...#####.#####
...##########....# #.####
#................# #....#
#................# ####.#
#................# #....#


You could see a death yak (extremely poisoned).

Vanquished Creatures
  Harold (D:7)
  A death yak (D:9)
  Joseph (D:7)
  A kobold demonologist (D:9)
  A troll (D:9)
  A hornet (D:7)
  18 yaks
  A steam dragon (D:6)
  Menkaure (D:7)
  2 water moccasins
  An orc warrior (D:7)
  An ice beast (D:5)
  A hornet zombie (D:7)
  A black bear (D:5)
  A necrophage (D:5)
  2 ogres
  4 centaurs
  4 phantoms
  4 kobold brigands
  4 bullfrogs
  A wyvern zombie (D:5)
  2 scorpions
  A water moccasin skeleton (D:5)
  11 killer bees (D:8)
  4 howler monkeys
  A centaur zombie (D:5)
  A bullfrog skeleton (D:6)
  A jelly (D:4)
  2 gnoll shamans
  2 orc priests
  3 hounds (D:5)
  2 iguanas (D:4)
  Ijyb (D:3)
  Terence (D:3)
  A killer bee zombie (D:6)
  16 gnolls
  6 adders
  A river rat (D:9)
  An ufetubus (D:5)
  An adder skeleton (D:5)
  2 worms
  3 dart slugs (D:2)
  22 orcs
  6 endoplasms
  3 giant cockroaches
  13 goblins
  7 hobgoblins
  24 kobolds
  3 quokkas
  9 ball pythons
  7 bats
  A frilled lizard (D:1)
  4 rats
214 creatures vanquished.

Vanquished Creatures (collateral kills)
  An orc warrior (D:7)
  2 orc wizards (D:7)
3 creatures vanquished.

Grand Total: 217 creatures vanquished

Notes
Turn   | Place    | Note
-------+----------+-------------------------------------------
     0 | D:1      | jjjjhere the Gnoll Artificer began the quest for the Orb.
     0 | D:1      | Reached XP level 1. HP: 17/17 MP: 1/1
   260 | D:1      | Reached XP level 2. HP: 21/23 MP: 2/2
  1016 | D:2      | Found a faded altar of an unknown god.
  1052 | D:2      | Reached XP level 3. HP: 28/28 MP: 3/3
  1229 | D:2      | Reached skill level 1 in Invocations
  1407 | D:2      | Reached skill level 1 in Short Blades
  1407 | D:2      | Reached skill level 1 in Long Blades
  1407 | D:2      | Reached skill level 1 in Axes
  1407 | D:2      | Reached skill level 1 in Maces & Flails
  1407 | D:2      | Reached skill level 1 in Polearms
  1407 | D:2      | Reached skill level 1 in Staves
  1407 | D:2      | Reached skill level 1 in Slings
  1407 | D:2      | Reached skill level 1 in Bows
  1407 | D:2      | Reached skill level 1 in Crossbows
  1407 | D:2      | Reached skill level 1 in Throwing
  1407 | D:2      | Reached skill level 1 in Shields
  1407 | D:2      | Reached skill level 1 in Unarmed Combat
  1407 | D:2      | Reached skill level 1 in Spellcasting
  1553 | D:2      | Reached XP level 4. HP: 34/34 MP: 5/5
  1684 | D:2      | Identified a scroll of acquirement
  1684 | D:2      | Acquired the +0 helmet of the Lich-sworn {-Cast Drain rPois
                  | rF+++}
  1762 | D:2      | Noticed a phantom
  1794 | D:2      | Killed a phantom
  1795 | D:2      | Reached skill level 1 in Conjurations
  1795 | D:2      | Reached skill level 1 in Hexes
  1795 | D:2      | Reached skill level 1 in Summonings
  1795 | D:2      | Reached skill level 1 in Necromancy
  1795 | D:2      | Reached skill level 1 in Translocations
  1795 | D:2      | Reached skill level 1 in Transmutations
  1795 | D:2      | Reached skill level 1 in Fire Magic
  1795 | D:2      | Reached skill level 1 in Ice Magic
  1795 | D:2      | Reached skill level 1 in Air Magic
  1795 | D:2      | Reached skill level 1 in Earth Magic
  1795 | D:2      | Reached skill level 1 in Poison Magic
  1795 | D:2      | Reached XP level 5. HP: 15/40 MP: 5/7
  2489 | D:3      | Noticed Ijyb
  2916 | D:3      | Noticed Terence
  2926 | D:3      | Killed Terence
  2927 | D:3      | Reached XP level 6. HP: 33/47 MP: 8/8
  3078 | D:3      | Found a runed translucent door.
  3079 | D:3      | Noticed Crazy Yiuf
  3137 | D:3      | Killed Ijyb
  3720 | D:4      | Reached skill level 5 in Armour
  3860 | D:4      | Found an ancient bone altar of Kikubaaqudgha.
  4730 | D:4      | Reached XP level 7. HP: 28/52 MP: 10/10
  4910 | D:5      | Entered Level 5 of the Dungeon
  4950 | D:5      | Reached skill level 7 in Evocations
  5367 | D:5      | Found a staircase to the Ecumenical Temple.
  5377 | D:5      | HP: 14/53 [gnoll shaman/+0 club (7)]
  5383 | D:5      | HP: 13/53 [gnoll/+0 flail (2)]
  5399 | D:5      | HP: 5/53 [gnoll/+0 spear (6)]
  5794 | D:5      | Reached XP level 8. HP: 54/60 MP: 12/12
  6927 | Temple   | Entered the Ecumenical Temple
  6956 | Temple   | Became a worshipper of Uskayaw the Reveller
  7280 | D:6      | HP: 19/59 [centaur (2)]
  7283 | D:6      | Reached * piety under Uskayaw
  7285 | D:6      | HP: 14/59 [centaur (1)]
  7294 | D:6      | Reached ** piety under Uskayaw
  7595 | D:6      | Found a runed translucent gate.
  7595 | D:6      | Found a runed translucent gate.
  7595 | D:6      | Found a runed translucent gate.
  7600 | D:6      | Noticed Naeght's ghost (novice MfGl)
  7790 | D:6      | Reached *** piety under Uskayaw
  7963 | D:6      | HP: 9/61 [ogre/+0 giant spiked club (22)]
  7966 | D:6      | Reached XP level 9. HP: 11/66 MP: 14/14
  8666 | D:6      | Found a hazy altar of Hepliaklqana.
  9141 | D:7      | Noticed a hornet
  9157 | D:7      | HP: 14/67 [orc warrior/+0 glaive (16)]
  9159 | D:7      | HP: 6/67 [orc warrior/+0 glaive (6)]
  9677 | D:7      | Found a large runed translucent door.
  9677 | D:7      | Found a large runed translucent door.
  9926 | D:7      | Reached skill level 5 in Fighting
  9926 | D:7      | Reached skill level 5 in Dodging
 10095 | D:7      | Found a sparkling altar of Nemelex Xobeh.
 10102 | D:7      | Noticed Joseph
 10115 | D:7      | Noticed Menkaure
 10118 | D:7      | HP: 10/68 [Joseph/sling bullet (19)]
 10122 | D:7      | Killed Joseph
 10123 | D:7      | Reached skill level 5 in Stealth
 10432 | D:7      | Killed Menkaure
 10433 | D:7      | Reached skill level 8 in Evocations
 10467 | D:7      | Noticed Harold
 10493 | D:7      | Killed Harold
 10494 | D:7      | Reached skill level 5 in Invocations
 10571 | D:7      | Reached XP level 10. HP: 70/74 MP: 17/17
 10907 | D:7      | Reached skill level 5 in Short Blades
 10907 | D:7      | Reached skill level 5 in Long Blades
 10907 | D:7      | Reached skill level 5 in Axes
 10907 | D:7      | Reached skill level 5 in Maces & Flails
 10907 | D:7      | Reached skill level 5 in Polearms
 10907 | D:7      | Reached skill level 5 in Staves
 10907 | D:7      | Reached skill level 5 in Slings
 10907 | D:7      | Reached skill level 5 in Bows
 10907 | D:7      | Reached skill level 5 in Crossbows
 10907 | D:7      | Reached skill level 5 in Throwing
 10907 | D:7      | Reached skill level 5 in Shields
 10907 | D:7      | Reached skill level 5 in Unarmed Combat
 10907 | D:7      | Reached skill level 5 in Spellcasting
 10912 | D:7      | Reached **** piety under Uskayaw
 10915 | D:7      | Reached ***** piety under Uskayaw
 11707 | D:8      | Reached ****** piety under Uskayaw
 12071 | D:8      | HP: 16/76 [yak (13)]
 12267 | D:8      | Reached XP level 11. HP: 81/83 MP: 19/19
 12291 | D:8      | Reached skill level 9 in Evocations
 12477 | D:9      | Reached skill level 5 in Conjurations
 12477 | D:9      | Reached skill level 5 in Hexes
 12477 | D:9      | Reached skill level 5 in Summonings
 12477 | D:9      | Reached skill level 5 in Necromancy
 12477 | D:9      | Reached skill level 5 in Translocations
 12477 | D:9      | Reached skill level 5 in Transmutations
 12477 | D:9      | Reached skill level 5 in Fire Magic
 12477 | D:9      | Reached skill level 5 in Ice Magic
 12477 | D:9      | Reached skill level 5 in Air Magic
 12477 | D:9      | Reached skill level 5 in Earth Magic
 12477 | D:9      | Reached skill level 5 in Poison Magic
 12710 | D:9      | Noticed a death yak
 12711 | D:9      | Noticed a death yak
 12745 | D:9      | HP: 24/83 [death yak (15)]
 12747 | D:9      | HP: 7/83 [death yak (15)]
 12748 | D:9      | Killed a death yak
 13172 | D:9      | Noticed a death yak
 13191 | D:8      | HP: 22/83 [death yak (14)]
 13193 | D:8      | Mangled by a death yak

Illustrated notes

Levels and vault maps discovered:
D:1:      mrwooster_arrival_statue_3, layout_loops_ring, kennysheep_boxes
D:2:      layout_basic, hellmonk_ecumenical_altar_blasted, minmay_ruptured
D:3:      layout_rooms, minmay_misc_feat_five, uniq_terence,
          uniq_crazy_yiuf_cottage, uniq_ijyb
D:4:      layout_basic, mainiacjoe_overflow_24_doors, grunt_ministairs_10,
          minmay_quantized
D:5:      layout_gridville, minmay_temple_entry_glassed_door, minivault_14,
          kennysheep_windowed_goal
D:6:      layout_loops_corners, nicolae_hepliaklqana_hippocampus,
          ebering_ghost_rock_garden, minmay_misc_feat_four_crosses,
          small_statue_alley_b, kennysheep_donut
D:7:      mumra_celtic_spiral_tile, layout_cave_pods, lemuel_doored_altar,
          jmf_multi_god_temple2, minmay_misc_feat_more_columns, uniq_joseph,
          uniq_harold, uniq_menkaure
D:8:      layout_basic
D:9:      layout_gridville, tgw_sif, kennysheep_mini, dpeg_lair_monsters,
          minmay_hollow_rounded_squares
Temple:   cyrus_circular_temple

Skill      XL: |  1  2  3  4  5  6  7  8  9 10 11 |
---------------+----------------------------------+-----
Invocations    | 1 2 3 4 5 6 |  6.8
Short Blades   | 1 2 3 4 5 6 |  6.2
Long Blades    | 1 2 3 4 5 6 |  6.2
Axes           | 1 2 3 4 5 6 |  6.2
Maces & Flails | 1 2 3 4 5 6 |  6.2
Polearms       | 1 2 3 4 5 6 |  6.2
Staves         | 1 2 3 4 5 6 |  6.2
Slings         | 1 2 3 4 5 6 |  6.2
Bows           | 1 2 3 4 5 6 |  6.2
Crossbows      | 1 2 3 4 5 6 |  6.2
Throwing       | 1 2 3 4 5 6 |  6.2
Shields        | 1 2 3 4 5 6 |  6.2
Unarmed Combat | 1 2 3 4 5 6 |  6.2
Spellcasting   | 1 2 3 4 5 6 |  6.2
Conjurations   | 1 2 3 4 5 |  5.1
Hexes          | 1 2 3 4 5 |  5.1
Summonings     | 1 2 3 4 5 |  5.1
Necromancy     | 1 2 3 4 5 |  5.1
Translocations | 1 2 3 4 5 |  5.1
Transmutations | 1 2 3 4 5 |  5.1
Fire Magic     | 1 2 3 4 5 |  5.1
Ice Magic      | 1 2 3 4 5 |  5.1
Air Magic      | 1 2 3 4 5 |  5.1
Earth Magic    | 1 2 3 4 5 |  5.1
Poison Magic   | 1 2 3 4 5 |  5.1
Fighting       | 3 4 5 6 |  6.7
Dodging        | 3 4 5 6 |  6.7
Stealth        | 3 4 5 6 |  6.7
Armour         | 5 6 7 |  7.8
Evocations     | 7 8 9 |  9.1

Action                   |  1- 3 |  4- 6 |  7- 9 | 10-12 || total
-------------------------+-------+-------+-------+-------++-------
Melee: Club              |    17 |       |       |       ||    17
       Dagger            |    69 |   200 |   309 |       ||   578
       Bite              |     5 |    29 |    75 |    45 ||   154
       Punch             |     2 |       |       |       ||     2
       Demon blade       |       |       |    63 |   241 ||   304
       Trident           |       |       |    26 |       ||    26
Evoke: Wand              |     1 |     4 |    22 |     3 ||    30
       Piece from Xom's  |       |    14 |    15 |       ||    29
  Use: Scroll            |       |     4 |       |     4 ||     8
 Stab: Confused          |       |     2 |     5 |       ||     7
       Petrified         |       |     3 |       |       ||     3
       Paralysed         |       |       |     2 |    10 ||    12
       Sleeping          |       |       |     1 |       ||     1
Armor: Leather armour    |    17 |       |       |       ||    17
       Ring mail         |     9 |    51 |   147 |    78 ||   285
Dodge: Dodged            |    62 |   102 |   247 |   171 ||   582
